Map: Ruins of Seras

Players

Elazer

  • Race: Zerg Zerg

Hydra - Winner!

  • Race: Zerg Zerg

Event: 2016 WCS Winter Circuit Championship

VOD

Have the link to the VOD?

Description

Time

  • Played on: March 4, 2016, 3:20 p.m.
  • Length: 19:36

All games in this series

Show
View Real Time Build Order
Export as new Build Order

Elazer Zerg 

Build Orders: Hatch First, Lurkers 

Get SALT Encoding   

  12  0:00  Drone  
  13  0:13  Overlord  
  13  0:18  Drone  
  14  0:31  Drone x2  
  14  0:35  Drone  
  17  0:53  Hatchery  
  16  1:06  Spawning Pool  
  16  1:09  Drone  
  16  1:13  Drone  
  16  1:16  Drone  
  18  1:21  Drone  
  19  1:35  Drone  
  20  1:43  Overlord  
  20  1:56  Queen  
  22  2:05  Queen  
  22  2:06  Spine Crawler  
  22  2:07  Zergling x2  
  22  2:08  Zergling x2  
  25  2:10  Drone  
  26  2:16  Drone x2  
  28  2:29  Drone x2  
  30  2:32  Queen  
  30  2:37  Overlord  
  32  2:38  Drone  
  32  2:41  Queen  
  35  2:46  Drone  
  35  2:48  Extractor  
  35  2:50  Extractor  
  34  2:52  Drone  
  34  2:57  Drone  
  36  3:00  Drone  
  36  3:04  Drone x2  
  36  3:05  Drone  
  40  3:11  Drone  
  41  3:13  Queen  
  41  3:14  Drone  
  44  3:20  Overlord  
  44  3:33  Evolution Chamber  
  44  3:34  Roach Warren  
  41  3:35  Drone x2  
  41  3:37  Overlord  
  43  3:43  Drone x3  
  43  3:44  Drone  
  46  3:49  Overlord  
  46  3:51  Drone x2  
  48  3:59  Zerg Missile Weapons Level 1  
  48  4:00  Lair  
  48  4:07  Overlord  
  48  4:20  Hatchery  
  48  4:23  Overlord  
  48  4:24  Roach x2  
  51  4:27  Roach  
  53  4:35  Roach x3  
  59  4:38  Drone  
  59  4:41  Drone  
  59  4:43  Extractor  
  59  4:44  Drone x2  
  62  4:47  Drone  
  63  4:56  Overlord  
  63  4:59  Overseer  
  63  5:00  Glial Reconstitution  
  63  5:03  Drone x6  
  69  5:08  Drone  
  70  5:16  Overlord  
  70  5:22  Drone x2  
  70  5:23  Drone  
  73  5:29  Drone  
  73  5:30  Drone x2  
  73  5:32  Drone x3  
  73  5:33  Drone  
  73  5:35  Drone x2  
  82  5:39  Extractor  
  82  5:40  Evolution Chamber  
  80  5:43  Drone  
  80  5:47  Overlord  
  81  5:51  Roach  
  81  5:52  Extractor  
  81  5:53  Overlord  
  81  5:56  Zerg Missile Weapons Level 2  
  81  5:57  Overlord  
  82  5:58  Roach  
  84  6:05  Roach x7  
  84  6:08  Roach x2  
  102  6:13  Roach  
  102  6:14  Roach x2  
  108  6:18  Zerg Ground Armor Level 1  
  108  6:23  Drone x2  
  110  6:30  Overlord x2  
  110  6:32  Drone x2  
  112  6:33  Roach x4  
  112  6:36  Roach  
  112  6:37  Roach  
  124  6:41  Extractor  
  124  6:42  Drone x3  
  124  6:44  Roach  
  128  6:48  Roach, Ravager  
  128  6:49  Roach  
  128  6:53  Roach  
  135  6:58  Roach x4  
  143  7:03  Roach  
  143  7:05  Overlord x2  
  143  7:07  Overlord  
  145  7:09  Ravager  
  146  7:23  Roach x8  
  146  7:27  Overlord x2  
  146  7:28  Roach  
  162  7:33  Roach x2  
  162  7:34  Roach x2  
  170  7:38  Overlord x2  
  170  7:44  Overlord  
  170  7:47  Roach x3  
  170  7:48  Ravager x5  
  181  7:53  Roach x2  
  187  7:58  Roach  
  187  7:59  Roach x2  
  187  8:03  Drone  
  187  8:05  Hydralisk Den  
  179  8:14  Queen x3  
  182  8:24  Roach  
  182  8:25  Roach x4  
  192  8:30  Roach  
  192  8:31  Roach x3  
  195  8:35  Ravager x3  
  195  8:36  Ravager  
  195  8:40  Spore Crawler x2  
  196  8:42  Ravager  
  196  8:43  Ravager  
  196  8:49  Drone x4  
  200  9:01  Overlord  
  198  9:05  Hydralisk  
  192  9:20  Hydralisk x4  
  200  9:27  Muscular Augments  
  200  9:28  Zerg Ground Armor Level 2  
  200  9:47  Overlord  
  200  9:48  Overlord  
  200  9:54  Overlord  
  200  9:56  Infestation Pit  
  199  10:10  Hatchery  
  199  10:11  Hydralisk  
  199  10:12  Hydralisk x3  
  183  10:25  Roach x6  
  183  10:26  Roach  
  175  10:30  Hydralisk x6  
  175  10:34  Roach x6  
  178  10:47  Overseer  
  175  10:50  Drone x2  
  175  10:51  Drone x3  
  175  10:55  Overlord  
  175  10:56  Pneumatized Carapace  
  180  10:58  Lurker Den  
  180  11:00  Spore Crawler  
  180  11:01  Spore Crawler, Drone x2  
  180  11:02  Drone x3  
  180  11:03  Drone  
  180  11:09  Burrow, Overlord  
  178  11:26  Overseer  
  178  11:28  Overlord  
  178  11:35  Roach x6  
  178  11:38  Ravager x2  
  192  11:44  Roach x4  
  200  12:16  Roach x7  
  200  12:27  Lurker x2  
  159  12:47  Roach x11  
  159  12:48  Roach x11  
  152  12:51  Hydralisk  
  152  12:56  Hydralisk  
  156  12:58  Queen x2  
  156  12:59  Queen  
  156  13:02  Hydralisk x6  
  156  13:05  Ravager x2  
  177  13:06  Ravager  
  177  13:07  Roach x4  
  177  13:12  Roach  
  190  13:13  Roach  
  177  13:23  Roach x5  
  153  13:32  Drone, Roach x3  
  153  13:33  Roach x2  
  137  13:36  Roach  
  137  13:37  Roach  
  125  13:46  Hatchery  
  125  13:47  Roach x2  
  126  13:51  Drone  
  126  13:53  Roach x8  
  130  14:05  Lurker  
  130  14:06  Lurker x2  
  130  14:07  Lurker  
  134  14:13  Hydralisk x3  
  140  14:27  Lurker x2  
  140  14:29  Lurker  
  143  14:31  Hydralisk x2  
  143  14:38  Hydralisk  
  149  14:48  Hydralisk  
  149  15:05  Hydralisk x4  
  157  15:08  Lurker  
  148  15:16  Hydralisk x2  
  152  15:23  Lurker  
  153  15:34  Drone x4  
  153  15:35  Roach x4  
  161  15:36  Drone x4  
  161  15:42  Hydralisk x3  
  141  15:45  Roach  
  149  15:53  Lurker x2  
  149  15:54  Lurker x2  
  153  15:58  Ravager x3  
  153  16:09  Lurker  
  153  16:11  Roach x3  
  160  16:18  Extractor x2  
  158  16:26  Roach  
  158  16:27  Roach x4  
  166  16:33  Hatchery  
  166  16:37  Roach x3  
  166  16:38  Roach  
  157  16:51  Roach x5  
  157  16:53  Hydralisk  
  145  17:00  Hydralisk x2  
  105  17:13  Queen x2  
  102  17:24  Hydralisk  
  102  17:25  Hydralisk x2  
  102  17:28  Roach  
  102  17:31  Hydralisk  
  94  17:38  Hydralisk  
  94  17:42  Hydralisk  
  96  17:49  Hydralisk  
  92  17:56  Hydralisk  
  92  17:57  Hydralisk  
  90  18:05  Hydralisk  
  88  18:08  Hydralisk  
  88  18:11  Hydralisk  
  92  18:20  Lurker x2, Ravager  
  92  18:22  Roach  
  89  18:37  Roach x3  
  91  18:44  Roach  
  92  18:48  Roach  
Show
View Real Time Build Order
Export as new Build Order

Hydra Zerg - Winner!

Build Orders: Hatch First 

Get SALT Encoding   

  12  0:00  Drone  
  13  0:12  Overlord  
  13  0:17  Drone  
  14  0:31  Drone x2  
  14  0:34  Drone  
  17  0:53  Hatchery  
  17  0:56  Drone  
  17  0:59  Drone  
  18  1:09  Drone, Extractor  
  18  1:18  Spawning Pool  
  17  1:21  Drone  
  18  1:28  Drone  
  19  1:39  Drone  
  20  1:50  Overlord  
  20  2:04  Queen  
  20  2:05  Zergling x2  
  20  2:06  Queen, Zergling x2  
  26  2:08  Metabolic Boost  
  26  2:12  Drone  
  26  2:15  Drone  
  28  2:23  Drone  
  28  2:29  Baneling Nest, Drone  
  29  2:34  Drone  
  29  2:36  Drone  
  31  2:44  Overlord  
  31  2:48  Drone  
  32  2:54  Zergling x2  
  32  2:59  Zergling x2  
  33  3:07  Drone  
  33  3:12  Drone  
  35  3:13  Drone x4  
  35  3:17  Drone  
  35  3:18  Overlord  
  35  3:19  Drone  
  41  3:34  Hatchery  
  41  3:35  Zergling x2  
  41  3:40  Drone  
  42  3:44  Drone, Roach Warren  
  42  3:45  Extractor  
  42  3:46  Lair  
  42  3:48  Drone  
  42  3:51  Evolution Chamber  
  42  3:53  Drone  
  43  3:55  Drone  
  43  3:56  Drone  
  43  3:59  Overlord  
  44  4:03  Drone  
  44  4:04  Drone  
  44  4:05  Drone  
  44  4:08  Drone  
  44  4:09  Extractor  
  47  4:12  Drone  
  46  4:20  Zerg Missile Weapons Level 1, Drone  
  46  4:28  Drone  
  46  4:29  Drone x6  
  53  4:35  Overlord  
  53  4:45  Overseer, Glial Reconstitution  
  53  4:46  Roach  
  53  4:47  Roach x2  
  53  4:51  Queen  
  60  4:57  Roach  
  61  5:03  Drone x3  
  61  5:04  Extractor  
  61  5:05  Roach x3  
  69  5:08  Overlord  
  69  5:13  Drone  
  70  5:16  Drone  
  70  5:18  Evolution Chamber  
  70  5:22  Roach  
  70  5:23  Drone  
  70  5:24  Drone  
  70  5:27  Drone x3  
  77  5:30  Extractor  
  77  5:31  Drone  
  77  5:32  Roach x2  
  81  5:37  Overlord x2  
  81  5:38  Overlord  
  81  5:50  Zerg Ground Armor Level 1  
  81  5:51  Drone  
  81  5:57  Spire  
  81  6:00  Drone x5  
  86  6:05  Drone  
  86  6:07  Overlord  
  87  6:15  Roach x3  
  87  6:16  Roach x5  
  103  6:21  Extractor, Ravager  
  103  6:22  Ravager  
  103  6:23  Roach  
  103  6:25  Zerg Missile Weapons Level 2  
  106  6:28  Drone x3  
  106  6:29  Roach  
  106  6:30  Roach  
  113  6:36  Overlord  
  113  6:39  Overlord x2  
  113  6:48  Overlord x2  
  113  7:08  Overlord  
  113  7:09  Overlord  
  113  7:14  Mutalisk x7  
  127  7:19  Roach x4  
  127  7:20  Roach  
  127  7:22  Overlord x2  
  137  7:23  Roach x2  
  137  7:27  Roach  
  143  7:31  Overlord  
  143  7:35  Ravager x2  
  143  7:36  Overlord  
  147  7:37  Roach x2  
  147  7:41  Overlord  
  147  7:43  Roach x4  
  157  7:53  Roach x4  
  157  7:54  Roach x2  
  157  7:57  Overlord  
  167  8:17  Roach x8  
  183  8:20  Overseer  
  183  8:23  Roach x3  
  183  8:24  Overlord  
  183  8:25  Overlord  
  189  8:30  Ravager x4  
  193  8:48  Roach x3  
  199  8:51  Hatchery  
  198  9:00  Tunneling Claws  
  198  9:01  Burrow  
  192  9:12  Roach x4  
  192  9:21  Zerg Ground Armor Level 2  
  192  9:31  Zergling x2  
  192  9:32  Zergling x14  
  195  9:46  Roach x2  
  195  9:52  Baneling x7  
  199  9:53  Baneling x6  
  199  9:59  Baneling x2  
  186  10:17  Roach x9  
  188  10:25  Roach x4  
  188  10:26  Roach x3  
  193  10:32  Roach x7  
  193  10:38  Roach x3  
  193  10:42  Roach x24  
  181  10:46  Roach x4  
  181  10:47  Roach x2  
  181  10:48  Roach x5  
  181  10:49  Drone  
  192  10:54  Overlord  
  192  11:04  Hatchery  
  183  11:06  Roach  
  183  11:13  Centrifical Hooks  
  183  11:18  Zergling x24  
  187  11:29  Zergling x6  
  187  11:32  Roach x6  
  190  11:35  Zergling x6  
  190  11:36  Zergling x12  
  195  11:48  Baneling x6  
  195  11:49  Baneling x24  
  195  11:55  Baneling x18  
  193  12:02  Roach x3  
  199  12:12  Overlord x3  
  181  12:46  Roach x43  
  181  12:47  Roach  
  196  12:51  Roach x6  
  196  13:02  Roach  
  196  13:03  Roach  
  200  13:09  Hatchery  
  191  13:21  Roach  
  191  13:22  Roach x8  
  179  13:29  Roach  
  179  13:30  Roach x4  
  162  13:39  Roach x11  
  161  13:41  Ravager  
  160  13:50  Roach x3  
  160  13:55  Ravager x6  
  172  14:02  Ravager x6  
  172  14:08  Roach  
  172  14:09  Roach  
  176  14:20  Roach x3  
  182  14:27  Zergling x10  
  182  14:30  Zergling x2  
  182  14:31  Zergling x2  
  189  14:35  Zergling x6  
  192  14:43  Zergling x12  
  192  14:44  Overseer  
  192  14:45  Overseer  
  192  15:03  Roach x2  
  192  15:13  Roach x5  
  200  15:15  Overseer  
  200  15:21  Spore Crawler, Extractor  
  199  15:22  Extractor, Spine Crawler x2  
  168  15:43  Overseer  
  161  15:50  Mutalisk  
  161  15:51  Mutalisk x9  
  179  15:58  Mutalisk x2  
  182  16:10  Mutalisk x2  
  186  16:14  Hatchery  
  186  16:15  Mutalisk  
  187  16:21  Baneling x2  
  187  16:24  Mutalisk  
  187  16:29  Spine Crawler x2  
  180  16:33  Spine Crawler  
  180  16:34  Mutalisk  
  157  16:49  Mutalisk x2  
  125  17:00  Roach  
  125  17:01  Roach x7  
  133  17:06  Baneling x2  
  113  17:13  Queen  
  113  17:15  Roach x3  
  112  17:26  Roach x3  
  117  17:32  Pneumatized Carapace  
  117  17:39  Roach x3  
  123  17:46  Drone  
  123  17:50  Roach x4  
  132  18:03  Hatchery  
  131  18:12  Roach x2  
  135  18:13  Roach  
  135  18:16  Ravager x2  
  139  18:24  Roach x2  
  143  18:41  Roach x5  
  153  18:44  Ravager  
  154  18:52  Overseer x2  
  154  18:58  Roach  
  152  19:09  Roach  
  158  19:10  Roach x2  
Tags
 
Add a new tag
Caveats
  • Supply blocks, unpowered buildings, or Contaminate may cause inaccurate times.
  • Supply counts are checked every 10 seconds.